 Dungeon Crawl Stone Soup version 0.29.1-1-gd02db6906a (webtiles) character file.

Game seed: 5622275028109521704

205 Senryu the Chopper (level 5, 0/47 HPs)
             Began as a Hill Orc Fighter on Oct 2, 2022.
             Slain by a gnoll
             ... wielding a +0 halberd
             ... led by a gnoll bouda
              (9 damage)
             ... on level 4 of the Dungeon.
             The game lasted 00:05:19 (952 turns).

Senryu the Chopper (Hill Orc Fighter)                Turns: 952, Time: 00:05:19

Health: 0/47       AC:  7    Str: 22 (23) XL:     5   Next: 83%
Magic:  5/5        EV:  9    Int: 10      God:
Gold:   125        SH:  4    Dex: 10      Spells: 4/4 levels left

rFire   . . .      SeeInvis .   a - +1 war axe
rCold   . . .      Faith    .   c - +0 buckler
rNeg    . . .      Spirit   .   b - +0 scale mail
rPois   .          Reflect  .   (no helmet)
rElec   .          Harm     .   j - scarf {repulsion}
rCorr   .          Rampage  .   (no gloves)
Will    .....                   (no boots)
Stlth   ..........              e - amulet of the acrobat
HPRegen 0.15/turn               d - +6 ring of strength
MPRegen 0.09/turn               (no ring)

@: repel missiles
A: weak 1
a: no special abilities


You were on level 4 of the Dungeon.
You visited 1 branch of the dungeon, and saw 4 of its levels.
You also visited: Sewer.

You collected 125 gold pieces.

Inventory:

Hand Weapons
 a - a +1 war axe (weapon)
Armour
 b - a +0 scale mail (worn)
 c - a +0 buckler (worn)
 j - a scarf of repulsion (worn)
Jewellery
 d - a +6 ring of strength (left hand)
 e - an amulet of the acrobat (around neck)
Scrolls
 f - a scroll of enchant weapon
 l - a scroll of identify {unknown}
Potions
 h - a potion of curing {unknown}
 k - a potion of haste


   Skills:
 * Level 4.3 Fighting
 * Level 4.9 Axes
 * Level 1.0 Throwing
 * Level 4.0 Armour
 * Level 1.1 Dodging
 * Level 1.1 Stealth
 * Level 3.9 Shields


You had 4 spell levels left.
You didn't know any spells.
Your spell library contained the following spells:

 Spells                   Type           Power      Damage    Failure   Level
 Ozocubu's Armour         Ice            0%         N/A       98%         3
 Ozocubu's Refrigeration  Ice            0%         4d7       100%        7


Dungeon Overview and Level Annotations

Branches:
Dungeon (4/15)              Sewer (visited)
 Temple: D:4-7

Altars:
Dithmenos
Uskayaw

Shops:
D:3 !


Innate Abilities, Weirdness & Mutations

You are weak. (Str -2)


Message History

The gnolls pick up the pace!
The gnoll completely misses you.
The gnoll shouts!
You hear a shout!
Throw: 2 javelins
Press: ? - help, Q - select action Shift-Dir - straight line, f - gnoll bouda, p - gnoll
Aim: a gnoll bouda, wielding a +0 whip and wearing a +0 leather armour (61% to hit)
You throw a javelin. The javelin barely misses the gnoll.
The javelin pierces through the gnoll!
You kill the gnoll!
The javelin pierces through the gnoll bouda!
The gnoll bouda is heavily wounded.
The javelin pierces through the gnoll but does no damage.
You block the gnoll's attack. The gnoll barely misses you.
The gnoll hits you from afar with a +0 halberd!
Throw: javelin
Press: ? - help, Q - select action Shift-Dir - straight line, f/p - gnoll bouda
Aim: a gnoll bouda, wielding a +0 whip and wearing a +0 leather armour (heavily wounded, 61% to hit)
You throw a javelin.
The javelin pierces through the gnoll but does no damage.
The javelin barely misses the gnoll bouda.
The javelin pierces through the gnoll!
The gnoll is heavily wounded.
The gnoll barely misses you.
A hobgoblin comes into view.
The hobgoblin shouts!
You hit the gnoll bouda.
The gnoll bouda is heavily wounded.
The gnoll hits you from afar with a +0 halberd! x2
* * * LOW HITPOINT WARNING * * *
You barely miss the gnoll bouda.
The gnoll bouda is heavily wounded.
The gnoll misses you.
The gnoll bouda hits you but does no damage.
The gnoll completely misses you. The gnoll misses you.
It was a potion of mutation.
You feel extremely strange.
You feel weaker. The gnoll hits you but does no damage.
The gnoll hits you with a +0 flail.
* * * LOW HITPOINT WARNING * * *
The gnoll hits you from afar with a +0 halberd!
You die...

... ...##(# ##
#...... .# ###
#..##.#..# ..#
#..##)#..# #.#
#...gg(..# #.#
#..##g#..#
#.######...@g...#
#.#.........g...#
#<#.###########.#
#...# .. ##### ##


You could see a gnoll bouda and 3 gnolls.

Vanquished Creatures
  Pargi (Sewer)
  5 gnolls
  An adder (D:2)
  2 dart slugs
  An orc (D:3)
  2 ball pythons
  3 endoplasms
  3 giant cockroaches (D:3)
  4 goblins
  2 hobgoblins (D:1)
  4 jackals
  2 kobolds
  4 quokkas
  4 bats
  3 rats
41 creatures vanquished.

Vanquished Creatures (collateral kills)
  An adder (D:3)
1 creature vanquished.

Grand Total: 42 creatures vanquished

Notes
Turn   | Place    | Note
-------+----------+-------------------------------------------
     0 | D:1      | Senryu the Hill Orc Fighter began the quest for the Orb.
     0 | D:1      | Reached XP level 1. HP: 19/19 MP: 1/1
    65 | D:1      | Reached XP level 2. HP: 26/27 MP: 2/2
   223 | D:2      | Reached XP level 3. HP: 32/33 MP: 3/3
   277 | D:3      | Found a shadowy altar of Dithmenos.
   278 | D:3      | Found Wiuxil's Distillery.
   320 | D:3      | Reached XP level 4. HP: 7/40 MP: 4/4
   489 | D:3      | Found a hide-covered altar of Uskayaw.
   755 | D:3      | Found a glowing drain.
   782 | Sewer    | Entered a sewer
   821 | Sewer    | Noticed Pargi
   832 | Sewer    | Killed Pargi
   833 | Sewer    | Reached skill level 1 in Throwing
   833 | Sewer    | Reached skill level 1 in Dodging
   833 | Sewer    | Reached skill level 1 in Stealth
   833 | Sewer    | Reached XP level 5. HP: 41/47 MP: 5/5
   952 | D:4      | Gained mutation: You are weak. (Str -2) [potion of
                  | mutation]
   952 | D:4      | Slain by a gnoll

Illustrated notes

Levels and vault maps discovered:
D:1:      dpeg_arrival_round_a, layout_loops_ring, minmay_pentomino_r2
D:2:      layout_loops_ring
D:3:      layout_rooms, mainiacjoe_overflow_six_doors_small,
          nicolae_dithmenos_the_darkroom, ebering_ecumenical_altar_hall,
          serial_shops, shop_statue, portal_sewer_entry_f
D:4:      layout_loops_ring, regret_index_temple_of_mockery,
          mainiacjoe_overflow_24_doors, serial_shops, nicolae_diamond_shop,
          nicolae_shop_behind_doors, nicolae_shop_advertising_works
          [nicolae_subvault_shop_adworks], nicolae_shop_overgrown_old_shop

Skill      XL: |  1  2  3  4 |
---------------+-------------+-----
Axes           | 3 4 |  4.9
Fighting       | 4 |  4.3
Throwing       | 1 |  1.0
Armour         | 4 |  4.0
Dodging        | 1 |  1.1
Stealth        | 1 |  1.1
Shields        | |  3.9

Action                   |  1- 3 |  4- 6 || total
-------------------------+-------+-------++-------
Melee: War axe           |    44 |    61 ||   105
Throw: Javelin           |     3 |     3 ||     6
  Use: Scroll            |     2 |     3 ||     5
       Potion            |     2 |     3 ||     5
Armor: Scale mail        |    21 |    27 ||    48
       Skin              |     9 |    21 ||    30
Dodge: Dodged            |    31 |    64 ||    95
Block: Buckler           |     9 |    26 ||    35
